 Dungeon Crawl Stone Soup version 0.17-a0-2127-g1cb09f6 (webtiles) character file.

92582 wvc the Impaler (level 15, -2/125 HPs)
             Began as a Demonspawn Monk on Oct 23, 2015.
             Was the Champion of Cheibriados.
             Slain by an orc knight
             ... wielding a +0 long sword
              (31 damage)
             ... on level 4 of the Orcish Mines.
             The game lasted 00:50:51 (24690 turns).

wvc the Impaler (Demonspawn Monk)                  Turns: 24690, Time: 00:50:51

Health: -2/125     AC: 31    Str: 31    XL:     15   Next: 58%
Magic:  17/21      EV: 23    Int: 34    God:    Cheibriados [******]
Gold:   2629       SH:  0    Dex: 32    Spells: 4 memorised, 6 levels left

rFire  + . .     SeeInvis .     E - +3 halberd (freeze)
rCold  + . .     Clarity  .     Y - +3 ring mail of Xoodeqoi {rC+ Str+4 Slay+5}
rNeg   . . .     SustAt   +     (no shield)
rPois  +         Gourm    .     g - +2 hat
rElec  .         Spirit   .     e - +2 cloak {MR+}
rCorr  .         Warding  .     (no gloves)
rMut   +         Stasis   .     S - +1 pair of boots
MR     +++..                    V - amulet "Sayjaor" {rMut rPois MR+ Int+2 Dex+3}
Stlth  ++........               m - ring of sustain attributes
                                l - +6 ring of protection

@: about to teleport, very slow, extremely resistant to hostile enchantments,
unstealthy
A: antennae 2, rough black scales 2, demonic guardian 2, fire resistance 1,
flame cloud immunity
a: Bend Time, Temporal Distortion, Slouch, Step From Time, Renounce Religion


You were on level 4 of the Orcish Mines.
You worshipped Cheibriados.
Cheibriados was exalted by your worship.
You were hungry.

You visited 4 branches of the dungeon, and saw 24 of its levels.
You also visited: Ice Cave.

You collected 2818 gold pieces.
You spent 189 gold pieces at shops.

Inventory:

Hand Weapons
 w - the +3 spear of Theory {freeze, rC+}
   (You found it on level 6 of the Lair of Beasts)

   It has been specially enchanted to freeze those struck by it, causing extra
   injury to most foes and up to half again as much damage against particularly
   susceptible opponents.
   It can also slow down cold-blooded creatures.
   It protects you from cold.
 E - a +3 halberd of freezing (weapon)
Missiles
 p - 8 javelins
 q - 4 throwing nets (quivered)
Armour
 e - a +2 cloak of magic resistance (worn)
 g - a +2 hat (worn)
 S - a +1 pair of boots (worn)
 Y - the +3 ring mail of Xoodeqoi (worn) {rC+ Str+4 Slay+5}
   (You found it on level 3 of the Lair of Beasts)

   It affects your strength (+4).
   It affects your accuracy and damage with ranged weapons and melee attacks
   (+5).
   It protects you from cold.
Magical Staves
 X - an uncursed staff of air
Jewellery
 l - a +6 ring of protection (left hand)
 m - a ring of sustain attributes (right hand)
 v - an uncursed ring of protection from cold
 T - a +4 ring of intelligence
 V - the amulet "Sayjaor" (around neck) {rMut rPois MR+ Int+2 Dex+3}
   (You found it in an ice cave)

   [amulet of resist mutation]

   It protects you from mutation.
   It affects your intelligence (+2).
   It affects your dexterity (+3).
   It protects you from poison.
   It affects your resistance to hostile enchantments.
Wands
 h - a wand of lightning (11)
 i - a wand of fire (11)
 j - a wand of teleportation (8)
 D - a wand of paralysis (13)
 M - a wand of disintegration (10)
 N - a wand of draining (8)
 P - a wand of fireball (2)
 U - a wand of confusion (28)
 Z - a wand of invisibility (5)
Scrolls
 c - 2 scrolls of fog
 t - 6 scrolls of teleportation
 x - 8 scrolls of remove curse
 y - 3 scrolls of recharging
 B - a scroll of immolation
 G - 4 scrolls of enchant armour
 I - 3 scrolls of silence
 O - 4 scrolls of blinking
 Q - 4 scrolls of fear
Potions
 a - 3 potions of magic
 d - 2 potions of agility
 f - 8 potions of curing
 r - 2 potions of might
 s - 2 potions of brilliance
 z - 2 potions of flight
 A - 2 potions of heal wounds
 C - 4 potions of resistance
 F - 2 potions of cure mutation
 H - 2 potions of cancellation
 K - a potion of invisibility
Books
 u - a book of Necromancy

   Spells                             Type                      Level
   a - Pain                           Necromancy                   1
   b - Animate Skeleton               Necromancy                   1
   c - Vampiric Draining              Necromancy                   3
   d - Regeneration                   Charms/Necromancy            3
   e - Animate Dead                   Necromancy                   4
   f - Control Undead                 Necromancy                   4
 L - a book of Party Tricks

   Spells                             Type                      Level
   a - Summon Butterflies             Summoning                    1
   b - Apportation                    Translocation                1
   c - Tukima's Dance                 Hexes                        3
   d - Alistair's Intoxication        Transmutation/Poison         4
   e - Invisibility                   Hexes                        6
Miscellaneous
 J - a fan of gales
 W - a phantom mirror
Comestibles
 b - 18 bread rations
 n - 28 fruits
 o - 9 meat rations


   Skills:
 + Level 13.9 Fighting
 - Level 16.4 Polearms
 + Level 9.9 Armour
 + Level 9.6 Dodging
 - Level 1.7 Stealth
 - Level 3.6 Unarmed Combat
 - Level 8.2 Invocations


You had 6 spell levels left.
You knew the following spells:

 Your Spells              Type           Power        Failure   Level  Hunger
a - Regeneration          Chrm/Necr      #.........   30%         3    ####...
b - Apportation           Tloc           #.........   12%         1    ##.....
c - Blink                 Tloc           N/A          14%         2    ###....
d - Repel Missiles        Chrm/Air       #.....       14%         2    ###....


Dungeon Overview and Level Annotations

Branches:
Dungeon (11/15)            Temple (1/1) D:6            Lair (8/8) D:8
  Swamp (0/4) Lair:4        Snake (0/4) Lair:3        Slime (0/6) Lair:8
    Orc (4/4) D:11
    Elf: Orc:3-4

Altars:
Ashenzari
Cheibriados
Dithmenos
Elyvilon
Fedhas
Kikubaaqudgha
Makhleb
Nemelex Xobeh
Okawaru
Ru
Sif Muna
Trog
Vehumet
Xom
Zin
The Shining One
Beogh

Shops:
D:5 *   Orc:3 :

Annotations:
D:3 1 exclusion
Lair:7 exclusion: oklob plant
Lair:8 exclusion: 3 oklob plants


Innate Abilities, Weirdness & Mutations

You have a pair of antennae on your head.
You are mostly covered in rough black scales (AC +7, Dex -2).
A demonic guardian rushes to your aid.
Your flesh is heat resistant.
You are immune to clouds of flame.


Message History

The orc priest invokes the aid of Beogh against you.
Something smites you!
The orc high priest mumbles some strange prayers to Beogh.
An orc warrior and an orc priest come into view.
Read which item? (? for menu, Esc to quit)
As you read the scroll of teleportation, it crumbles to dust.
You feel strangely unstable.
The hellwing disappears in a puff of smoke!
The orc priest invokes the aid of Beogh against you.
Something smites you!
* * * LOW HITPOINT WARNING * * *
The orc knight roars a battlecry!
Your sun demon completely misses the orc warlord.
The orc warlord is engulfed in roaring flames.
The orc warlord roars a battlecry!
The orc warlord closely misses you.
The orc warlord hits your sun demon with a vampiric battleaxe!
The orc knight is engulfed in roaring flames.
The orc knight hits you with a long sword!!
You die...

#%4....%%.# #3%o...oo%#
#§oo§§o%.o# #.§§§§§oo. #4§§§§§o.
###§§§§o### #.§§§3oo..# #§§§§@#
#####§§§§## ### ##.##.#).## ##.##
### #...%....# #...###### ..##
##.#.%..## ##..#....## ...##
#.......#########.......## ....#
##...%.....##.##..........#
....###..........................
......#.....#.....#.#.........<.#


You could see an orc warlord, 2 orc knights, an ice devil, an orc high priest
(frenzied), a hellwing, a sixfirhy, 2 orc warriors, 5 orc priests, 2 orcs and a
friendly sun demon.

Vanquished Creatures
  An orc warlord (Orc:3)
  A frost giant (IceCv)
  Snorg (Orc:3)
  Josephine (Lair:5)
  3 hydras
  An ice dragon (Lair:8)
  A catoblepas (Lair:7)
  18 death yaks
  2 orc high priests
  A spriggan (Lair:2)
  4 skeletal warriors (D:11)
  A lindwurm (Lair:8)
  An ice statue (IceCv)
  The ghost of Azhtabak the Covert, a novice OpWz of Nemelex Xobeh (D:8)
  Pikel (D:4)
  An orc sorcerer (Orc:4)
  3 griffons
  An orc knight (Orc:2)
  12 elephants
  7 black mambas
  6 torpor snails (Lair:8)
  17 spiny frogs
  8 komodo dragons
  A fire drake (Lair:8)
  16 polar bears (IceCv)
  3 giant leeches (Lair:8)
  12 blink frogs
  Prince Ribbit (D:6)
  2 deep elf magi (Orc:2)
  5 hippogriffs
  6 basilisks
  79 yaks
  4 wraiths (Lair:5)
  3 wyverns
  A naga (Lair:3)
  2 wargs (Orc:3)
  A soldier ant (D:9)
  32 wolves
  2 ice beasts
  A swamp drake (Orc:2)
  21 water moccasins
  A slave (D:4)
  4 wasps
  2 black bears
  8 ogres
  20 orc warriors
  14 porcupines
  2 sky beasts
  3 phantoms
  3 centaurs
  17 crocodiles
  3 brain worms (Lair:8)
  A gnoll sergeant (D:4)
  A wyvern zombie (D:9)
  25 giant frogs
  8 scorpions
  4 wights (D:6)
  9 crimson imps
  16 orc priests
  A giant frog zombie (D:11)
  7 hounds
  7 jellies
  An iron imp (Orc:2)
  Crazy Yiuf (D:2)
  28 orc wizards
  3 giant frog skeletons
  9 iguanas
  9 worker ants
  16 sheep
  A hound skeleton (D:4)
  A worker ant zombie (D:10)
  98 river rats
  8 adders
  7 gnolls
  A white imp (Orc:2)
  8 shadow imps
  2 oozes
  21 worms
  3 adder skeletons
  9 giant geckos
  165 orcs
  6 bats
  8 giant cockroaches
  11 hobgoblins
  6 jackals
  5 kobolds
  8 quokkas
  A giant gecko skeleton (D:4)
  6 giant newts
  13 goblins
  2 jackal skeletons
  A jackal zombie (D:7)
  A quokka skeleton (D:4)
  A quokka zombie (D:5)
  9 rats
  A bush (Lair:6)
  A butterfly (D:6)
  A fungus (Lair:5)
  A plant (Lair:8)
914 creatures vanquished.

Vanquished Creatures (collateral kills)
  Rupert (Lair:6)
  2 death yaks (Lair:4)
  An orc high priest (Orc:4)
  An elephant (Lair:6)
  A spiny frog (Lair:6)
  7 blink frogs
  A polar bear (IceCv)
  Sigmund (D:6)
  6 yaks
  A wraith (Lair:6)
  A porcupine (Lair:7)
  An orc warrior (Orc:4)
  4 crocodiles
  2 giant frogs
  A wight (D:6)
  An orc priest (Orc:4)
  A giant frog zombie (D:9)
  An orc wizard (Orc:4)
  A river rat (Lair:3)
  A worm (Lair:8)
  7 orcs
  A ball python (D:4)
  A kobold (D:5)
  3 rats (D:3)
  A butterfly (D:6)
  A fungus (Lair:6)
50 creatures vanquished.

Vanquished Creatures (others)
  A crimson imp (D:5)
  An adder (D:4)
  33 fungi
  10 plants
45 creatures vanquished.

Grand Total: 1009 creatures vanquished

Notes
Turn   | Place    | Note
--------------------------------------------------------------
     0 | D:1      | wvc the Demonspawn Monk began the quest for the Orb.
     0 | D:1      | Reached XP level 1. HP: 18/18 MP: 1/1
   140 | D:1      | Reached skill level 1 in Polearms
   208 | D:1      | Gained mutation: A weak demonic guardian rushes to your aid. [demonic ancestry]
   208 | D:1      | Reached XP level 2. HP: 24/24 MP: 2/2
   779 | D:1      | Gained mutation: Your flesh is heat resistant. [demonic ancestry]
   779 | D:1      | Reached XP level 3. HP: 27/29 MP: 3/3
  1292 | D:2      | Found a shattered altar of Ashenzari.
  1565 | D:2      | Reached skill level 1 in Armour
  1904 | D:2      | Gained mutation: You have a pair of small antennae on your head. [demonic ancestry]
  1904 | D:2      | Reached XP level 4. HP: 31/35 MP: 4/4
  1950 | D:2      | Noticed Crazy Yiuf
  1962 | D:2      | Paralysed by Crazy Yiuf for 2 turns
  1978 | D:2      | Killed Crazy Yiuf
  2810 | D:3      | Noticed a moth of wrath
  2813 | D:3      | Found a bloodstained altar of Trog.
  3029 | D:3      | Reached XP level 5. HP: 30/41 MP: 5/5
  3506 | D:4      | Noticed a phantom
  3556 | D:4      | Found a deep blue altar of Sif Muna.
  3561 | D:4      | Killed a phantom
  3700 | D:4      | Gained mutation: You are partially covered in rough black scales (AC +4, Dex -1). [demonic ancestry]
  3700 | D:4      | Reached XP level 6. HP: 44/47 MP: 6/6
  3822 | D:4      | Reached skill level 4 in Armour
  4584 | D:4      | Noticed a slave
  4586 | D:4      | Noticed Pikel
  4591 | D:4      | Killed a slave
  4592 | D:4      | Noticed a slave
  4597 | D:4      | Killed Pikel
  4597 | D:4      | Reached skill level 6 in Armour
  4597 | D:4      | Gained mutation: You have a pair of antennae on your head. [demonic ancestry]
  4597 | D:4      | Reached XP level 7. HP: 52/52 MP: 7/7
  4598 | D:4      | Noticed a freed slave
  4600 | D:4      | Noticed a freed slave
  4646 | D:4      | Reached XP level 8. HP: 46/58 MP: 8/8
  5207 | D:4      | Reached skill level 7 in Armour
  5218 | D:5      | Entered Level 5 of the Dungeon
  5263 | D:5      | Reached skill level 5 in Polearms
  5418 | D:5      | Found Ecaer's General Store.
  5427 | D:5      | Bought a +0 cloak of poison resistance for 119 gold pieces
  5427 | D:5      | Bought a scroll of remove curse for 42 gold pieces
  5427 | D:5      | Bought a scroll of identify for 28 gold pieces
  6038 | D:5      | Found a sacrificial altar of Ru.
  6093 | D:5      | Found a glowing golden altar of the Shining One.
  6383 | D:6      | Noticed Prince Ribbit
  6408 | D:6      | Killed Prince Ribbit
  6665 | D:6      | Noticed Sigmund
  6689 | D:6      | Killed Sigmund
  6767 | D:6      | Reached skill level 8 in Polearms
  6767 | D:6      | Gained mutation: You are mostly covered in rough black scales (AC +7, Dex -2). [demonic ancestry]
  6767 | D:6      | Reached XP level 9. HP: 49/63 MP: 9/9
  6941 | D:6      | Found a staircase to the Ecumenical Temple.
  6972 | Temple   | Entered the Ecumenical Temple
  7087 | Temple   | Became a worshipper of Cheibriados the Contemplative
  7087 | Temple   | Reached * piety under Cheibriados
  7087 | Temple   | Reached ** piety under Cheibriados
  7504 | D:7      | Reached skill level 9 in Polearms
  7907 | D:7      | Reached skill level 10 in Polearms
  8131 | D:7      | Reached *** piety under Cheibriados
  8328 | D:8      | Noticed Azhtabak's ghost (novice OpWz)
  8339 | D:8      | Killed Azhtabak's ghost
  8405 | D:8      | Reached skill level 11 in Polearms
  8405 | D:8      | Gained mutation: You are immune to clouds of flame. [demonic ancestry]
  8405 | D:8      | Reached XP level 10. HP: 38/70 MP: 10/10
  8747 | D:8      | Found a staircase to the Lair.
  8766 | D:8      | Noticed an elephant
  8780 | D:8      | Killed an elephant
  8895 | D:8      | Found a shadowy altar of Dithmenos.
  8898 | D:8      | Found a blossoming altar of Fedhas.
  8901 | D:8      | Found a burning altar of Makhleb.
  8932 | D:8      | Reached **** piety under Cheibriados
  9120 | D:8      | Found a glowing golden altar of the Shining One.
  9299 | D:8      | Reached skill level 12 in Polearms
  9811 | D:9      | Reached ***** piety under Cheibriados
 10024 | D:9      | Reached skill level 13 in Polearms
 10031 | D:9      | You fall through a shaft for 2 floors!
 10041 | D:10     | Entered Level 10 of the Dungeon
 10161 | D:10     | Reached XP level 11. HP: 56/75 MP: 11/11
 10303 | D:10     | Reached XP level 12. HP: 81/91 MP: 18/18
 10963 | Lair:1   | Entered Level 1 of the Lair of Beasts
 11181 | Lair:1   | Reached skill level 14 in Polearms
 11244 | Lair:1   | Reached ****** piety under Cheibriados
 12371 | Lair:2   | Found a frozen archway.
 12386 | Lair:2   | Reached skill level 15 in Polearms
 12465 | Lair:2   | Got a dazzling chain mail
 12472 | IceCv    | Entered an ice cave
 12483 | IceCv    | Identified the +3 chain mail of Bitterness {*Contam rF+ Dex+2} (You found it on level 2 of the Lair of Beasts)
 12927 | IceCv    | Reached XP level 13. HP: 98/98 MP: 19/19
 13640 | IceCv    | Noticed a frost giant
 13649 | IceCv    | Killed a frost giant
 13655 | IceCv    | Reached skill level 16 in Polearms
 13698 | IceCv    | Got a flickering pewter amulet
 13701 | IceCv    | Identified the amulet "Sayjaor" {rMut rPois MR+ Int+2 Dex+3} (You found it in an ice cave)
 14575 | Lair:3   | Found a deep blue altar of Sif Muna.
 14812 | Lair:3   | Got a transparent ring mail
 14832 | Lair:3   | Identified the +3 ring mail of Xoodeqoi {rC+ Str+4 Slay+5} (You found it on level 3 of the Lair of Beasts)
 15069 | Lair:3   | Found a staircase to the Snake Pit.
 15691 | Lair:4   | Reached skill level 5 in Dodging
 16126 | Lair:4   | Reached skill level 10 in Fighting
 16130 | Lair:4   | Gained mutation: A demonic guardian rushes to your aid. [demonic ancestry]
 16130 | Lair:4   | Reached XP level 14. HP: 110/110 MP: 20/20
 16459 | Lair:4   | Found a staircase to the Swamp.
 17360 | Lair:6   | Noticed Rupert
 17360 | Lair:6   | Noticed Josephine
 17372 | Lair:5   | Killed Josephine
 17624 | Lair:6   | Killed Rupert
 17672 | Lair:6   | Got an encrusted spear
 17673 | Lair:6   | Identified the +3 spear of Theory {freeze, rC+} (You found it on level 6 of the Lair of Beasts)
 18487 | Lair:6   | Learned a level 3 spell: Regeneration
 18769 | Lair:7   | Got a bloodstained scale mail
 18780 | Lair:7   | Identified the +1 scale mail of Untruth {rC+ Regen+} (You found it on level 7 of the Lair of Beasts)
 19260 | Lair:8   | Entered Level 8 of the Lair of Beasts
 19282 | Lair:8   | Learned a level 1 spell: Apportation
 19460 | Lair:8   | Found a runed door.
 20073 | Lair:8   | Reached XP level 15. HP: 122/122 MP: 21/21
 21591 | D:11     | Noticed a skeletal warrior
 21592 | D:11     | Noticed a skeletal warrior
 21600 | D:11     | Noticed a skeletal warrior
 21600 | D:11     | Killed a skeletal warrior
 21609 | D:11     | Killed a skeletal warrior
 21617 | D:11     | Killed a skeletal warrior
 21621 | D:11     | Noticed a skeletal warrior
 21626 | D:11     | Killed a skeletal warrior
 22217 | D:11     | Found a staircase to the Orcish Mines.
 22250 | Orc:1    | Entered Level 1 of the Orcish Mines
 22426 | Orc:1    | Found a roughly hewn altar of Beogh.
 22687 | Orc:2    | You fall through a shaft!
 22751 | Orc:3    | Noticed Snorg
 22758 | Orc:3    | Killed Snorg
 23081 | Orc:2    | Learned a level 2 spell: Blink
 23084 | Orc:2    | Learned a level 2 spell: Repel Missiles
 23589 | Orc:3    | Found Xiomaqul's Book Emporium.
 23720 | Orc:3    | Found a roughly hewn altar of Beogh.
 24166 | Orc:4    | Entered Level 4 of the Orcish Mines
 24690 | Orc:4    | Slain by an orc knight

Vault maps used:
D:1:      dpeg_arrival_chase, wad_floor_pattern_2
D:2:      ashenzari_altar_1, uniq_crazy_yiuf_cottage
D:3:      tgw_trog, hangedman_feature_mirror, st_stairs_1
D:4:      minmay_opposing_rooms, old_standard_altar, uniq_pikel
D:5:      lemuel_doored_altar, first_bread, serial_shops, shop,
          nicolae_ru_great_annihilating_truth
D:6:      minmay_temple_entry_butterflies, uniq_prince_ribbit1, uniq_sigmund
D:7:      grunt_ogre_cave
D:8:      grunt_temple_overflow_diamond, david_lair_generic, tso_altar
D:11:     orc_0_dummy, roderic_lattice_a
Temple:   nicolae_temple_figure_eight
Lair:2:   portal_ice_cave_entry_pillars_01, lab_entry_generic,
          grunt_forest_large_clearings
Lair:3:   guppyfry_snake_entry_garden, basic_altar,
          eino_small_chamber_without_monster
Lair:4:   swamp_mist, st_stairs_7
Lair:5:   grunt_megastairs_3
Lair:6:   minmay_hedge_maze, minivault_24, serial_bayou_ford_a,
          nicolae_lair_grove_arrangements, minmay_stone_trees_small,
          uniq_rupert, uniq_josephine
Lair:7:   minmay_lair_oklob_bushes, grunt_megastairs_5
Lair:8:   wormcave, minmay_slime_entry_oklob_enclosed, grunt_megastairs_2,
          infiniplex_staircase_pool_2
Orc:1:    basic_altar, uniq_maurice
Orc:2:    cheibrodos_orc_bank, enter_bailey_2, hangedman_minor_magic
Orc:3:    serial_shops, nicolae_shop_crystal, basic_altar,
          nicolae_orc_pool_cavern, nicolae_orc_bridge_out, small_statue_alley_c,
          minmay_orc_barracks, uniq_snorg
Orc:4:    st_orc_congregation
IceCv:    ice_cave_caverns_01

Action                   |  1- 3 |  4- 6 |  7- 9 | 10-12 | 13-15 || total
-------------------------+-------+-------+-------+-------+-------++-------
Melee: Unarmed           |    81 |       |       |       |       ||    81
       Spear             |   106 |    15 |       |       |    25 ||   146
       Quarterstaff      |       |   175 |   192 |       |       ||   367
       Halberd           |       |       |   148 |   636 |  1413 ||  2197
Throw: Throwing net      |       |       |     5 |       |     2 ||     7
Invok: Slouch            |       |       |       |     1 |     3 ||     4
  Use: Scroll            |     5 |     7 |    11 |     7 |    12 ||    42
       Potion            |       |     1 |       |     2 |     3 ||     6
 Stab: Sleeping          |     3 |       |     6 |    12 |    22 ||    43
       Distracted        |     2 |       |     5 |     3 |    16 ||    26
       Paralysed         |       |     5 |     1 |       |       ||     6
       Petrifying        |       |     2 |       |       |       ||     2
       Petrified         |       |     1 |       |       |       ||     1
       Confused          |       |       |     1 |       |       ||     1
       Held in net/web   |       |       |       |       |     1 ||     1
  Eat: Chunk             |     1 |     5 |     3 |       |     5 ||    14
       Royal jelly       |     1 |       |       |       |     2 ||     3
       Pizza             |       |     1 |       |       |     2 ||     3
       Beef jerky        |       |     2 |     7 |     1 |     3 ||    13
       Meat ration       |       |       |     1 |       |       ||     1
       Fruit             |       |       |       |       |     7 ||     7
